 Dungeon Crawl Stone Soup version 0.21-a0-528-gf531e82 (webtiles) character file.

40628 Gerstahl the Destroyer (level 13, 0/103 HPs)
             Began as a Demonspawn Conjurer on Dec 8, 2017.
             Was a Priest of Ashenzari.
             Succumbed to a black mamba's poison
             ... on level 4 of the Lair of Beasts.
             The game lasted 01:23:17 (27117 turns).

Gerstahl the Destroyer (Demonspawn Conjurer)       Turns: 27117, Time: 01:23:18

Health: 0/103      AC: 17    Str:  8    XL:     13   Next: 75%
Magic:  5/28       EV: 24    Int: 21    God:    Ashenzari [***...]
Gold:   823        SH:  2    Dex: 17    Spells: 16/35 levels left

rFire    . . .     SeeInvis +   (weapon currently unavailable)
rCold    . . .     Gourm    .   (shield currently unavailable)
rNeg     + + +     Faith    .   (armour currently unavailable)
rPois    +         Spirit   .   (helmet currently unavailable)
rElec    .         Reflect  +   (cloak currently unavailable)
rCorr    .         Harm     .   (gloves unavailable)
MR       .....                  (boots currently unavailable)
Stlth    +++.......             K - +2 amulet of reflection (curse)
HPRegen  0.27/turn              n - ring of wizardry (curse)
MPRegen  0.21/turn              e - +5 ring of protection (curse)

@: lethally poisoned (0 -> -11), fungus-form, very slightly contaminated
A: tiny, agile 1, blink, demonic guardian 2, nightstalker 1
a: Blink, Curse Item, Scrying, Renounce Religion


You were on level 4 of the Lair of Beasts.
You worshipped Ashenzari.
Ashenzari was most pleased with you.
You were not hungry.
You were a sentient fungus.
You visited 3 branches of the dungeon, and saw 16 of its levels.
You also visited: Sewer and Volcano.

You collected 1021 gold pieces.
You spent 198 gold pieces at shops.

Inventory:

Armour
 z - a cursed +2 hat (melded)
 E - the cursed +3 scale mail "Luoluez" (melded) {Int+3}
   (You bought it in a shop on level 7 of the Dungeon)

   It affects your intelligence (+3).
   It has a curse placed upon it.
 S - a +0 cloak of invisibility
Magical Staves
 Y - a cursed staff of conjuration (melded)
Jewellery
 e - a cursed +5 ring of protection (right hypha)
 n - a cursed ring of wizardry (left hypha)
 K - a cursed +2 amulet of reflection (around neck)
 V - the ring "Plog" {Str+4 Int+5}
   (You found it on level 5 of the Lair of Beasts)

   [ring of intelligence]

   It affects your strength (+4).
   It affects your intelligence (+5).
 W - an uncursed ring of protection from cold
Wands
 b - a wand of flame (34)
 p - a wand of polymorph (16)
 q - a wand of iceblast (33)
 w - a wand of acid (7)
 F - a wand of digging (14)
Scrolls
 h - 7 scrolls of teleportation
 i - a scroll of amnesia
 j - 2 scrolls of fear
 k - 6 scrolls of identify
 m - a scroll of fog
 o - a scroll of blinking
 D - 2 scrolls of magic mapping
 O - a scroll of summoning
 X - a scroll of brand weapon
Potions
 f - 7 potions of flight
 g - a potion of mutation
 l - 2 potions of cancellation
 r - 2 potions of haste
 x - 2 potions of brilliance
 A - a potion of resistance
Comestibles
 a - 2 chunks of flesh
 c - 12 bread rations
 d - 2 royal jellies
 B - 4 meat rations


   Skills:
 + Level 9.9 Fighting
 - Level 6.0 Armour
 - Level 6.0 Dodging
 - Level 1.7 Stealth
 + Level 11.8(14.4) Spellcasting
 + Level 13.0(15.5) Conjurations
 + Level 8.4(11.2) Earth Magic


You had 16 spell levels left.
You knew the following spells:

 Your Spells              Type           Power        Failure   Level  Hunger
a - Magic Dart            Conj           ####         0%          1    None
b - Searing Ray           Conj           ######       0%          2    None
c - Iskenderun's Mystic   Conj           ######..     1%          4    None
d - Passwall              Tmut/Erth      #####.....   1%          2    None
e - Irradiate             Conj/Tmut      #####.....   1%          5    ###....
f - Lee's Rapid Deconstr  Erth           ######....   1%          5    ###....


Dungeon Overview and Level Annotations

Branches:
Dungeon (9/15)             Temple (1/1) D:5            Lair (6/6) D:9
  Swamp (0/4) Lair:3       Spider (0/4) Lair:2        Slime (0/5) Lair:5
    Orc: D:9-12

Altars:
Ashenzari
Cheibriados
Dithmenos
Elyvilon
Fedhas
Gozag
Hepliaklqana
Kikubaaqudgha
Nemelex Xobeh
Okawaru
Qazlal
Ru
Sif Muna
Trog
Uskayaw
Vehumet
Wu Jian
Xom
Yredelemnul
Zin
The Shining One
Jiyva

Shops:
D:7 *


Innate Abilities, Weirdness & Mutations

((You have claws for hands.))
((You are mostly covered in molten scales. (AC +3)))
A demonic guardian rushes to your aid.
You are slightly more attuned to the shadows.
((You have a pair of small horns on your head.))
You are agile. (Dex +2)
You can translocate small distances at will.


Message History

Aiming: Polymorph
Press: ? - help, Shift-Dir - straight line, f - you That beam is likely to hit you.
Continue anyway?
You turn into a sentient fungus.
Your cursed staff of conjuration melds into your body.
Your cursed +2 hat melds into your body.
The cursed +3 scale mail "Luoluez" {Int+3} melds into your body.
* * * LOW HITPOINT WARNING * * *
You feel sick.
You are lethally poisoned (1 -> -11).
You are a sentient fungus.
You are very lightly contaminated with residual magic.
Your movement speed is average.
Your attack speed is quite fast.
Your base attributes are Str 8, Int 21, Dex 15.
Evoke which item? (* to show all) (? for menu, Esc to quit)
You have no means to grasp a wand firmly enough.
There is a lethal amount of poison in your body!
There is a lethal amount of poison in your body!
There is a lethal amount of poison in your body!
There is a lethal amount of poison in your body!
You die...

...............##....#........#..
....##..........##...........#...
....##.....#....#####P#......#...
....##....#....P# ###.......#.#
....#####.##....#####.#........(.
....########.....................
.................................
................^................
......####.##...f................
..P####.#.#.#....................
..##.......##...?.............#P.
..#........#..#.#..#..#.....##...
..##.......#....##...#.##...##...
..#........##.+........#....##<..
♣..#.......##.##.......#.....#...
♣.#........##.##........#...#....
≈.#........##.#........#.....P...


There were no monsters in sight!

Vanquished Creatures
  2 hydras
  A two-headed ogre (D:9)
  3 death yaks
  Nergalle (Lair:4)
  A fire crab (Volcano)
  A lindwurm (Volcano)
  An oklob plant (Lair:1)
  4 elephants (Lair:5)
  4 black mambas
  17 spiny frogs
  3 komodo dragons
  2 polar bears (Lair:6)
  A tyrant leech (Lair:5)
  Prince Ribbit (D:6)
  9 blink frogs
  7 hippogriffs
  5 wyverns
  A basilisk (Lair:3)
  10 fire bats
  13 yaks
  A steam dragon (Volcano)
  A hungry ghost (D:7)
  5 vampire mosquitoes
  2 swamp worms (Lair:3)
  13 water moccasins
  Duvessa (D:6)
  3 hell hounds
  13 porcupines
  A sky beast (D:7)
  2 black bears
  2 phantoms
  4 ogres
  12 wolves
  8 crocodiles
  2 centaurs
  12 bullfrogs
  A scorpion (D:8)
  45 killer bees
  A howler monkey (D:9)
  7 wights
  2 electric eels
  A crimson imp (D:5)
  9 lava snakes (Volcano)
  6 jellies (Lair:1)
  2 bullfrog zombies
  A bullfrog skeleton (D:7)
  2 orc priests (D:7)
  4 hounds
  An iguana (D:7)
  Jessica (D:3)
  A centaur skeleton (D:4)
  11 orc wizards
  7 worker ants
  A killer bee zombie (D:7)
  10 gnolls
  A river rat (Sewer)
  11 adders
  A shadow imp (D:6)
  12 oozes
  2 adder zombies (D:8)
  2 worms (D:3)
  2 dart slugs (D:1)
  11 leopard geckos
  27 orcs
  A ball python (D:3)
  9 bats
  7 giant cockroaches
  7 goblins
  9 hobgoblins
  20 jackals
  2 quokkas
  13 frilled lizards
  11 kobolds
  A leopard gecko skeleton (D:5)
  A quokka zombie (D:9)
  10 rats
  3 fungi
  A plant (Lair:6)
446 creatures vanquished.

Vanquished Creatures (collateral kills)
  3 hydras
  A death yak (Lair:5)
  9 elephants
  5 spiny frogs
  A komodo dragon (Lair:2)
  A rime drake (Lair:6)
  6 blink frogs
  8 yaks
  2 basilisks (D:9)
  A vampire mosquito (Lair:6)
  A phantom (D:5)
  A centaur (D:5)
  7 wolves
  A big kobold (Sewer)
  5 bullfrogs
  Dowan (D:6)
  5 killer bees (D:8)
  4 gnolls
  An adder (D:5)
  2 oozes (Lair:1)
  A jackal (Sewer)
  A kobold (Sewer)
67 creatures vanquished.

Vanquished Creatures (others)
  11 fungi
  56 plants
67 creatures vanquished.

Grand Total: 580 creatures vanquished

Notes
Turn   | Place    | Note
-------+----------+-------------------------------------------
     0 | D:1      | Gerstahl the Demonspawn Conjurer began the quest for the Orb.
     0 | D:1      | Reached XP level 1. HP: 13/13 MP: 3/3
   325 | D:1      | Gained mutation: You are partially covered in molten scales. (AC +2) [demonic ancestry]
   325 | D:1      | Reached XP level 2. HP: 19/19 MP: 3/5
  1085 | D:1      | Reached XP level 3. HP: 24/24 MP: 0/7
  1259 | D:2      | Learned a level 2 spell: Searing Ray
  1763 | D:2      | Gained mutation: A weak demonic guardian rushes to your aid. [demonic ancestry]
  1763 | D:2      | Reached XP level 4. HP: 17/30 MP: 3/8
  2039 | D:2      | Reached skill level 5 in Conjurations
  2864 | D:3      | Reached XP level 5. HP: 29/35 MP: 2/10
  3035 | D:3      | Found a glowing drain.
  3044 | Sewer    | Entered a sewer
  3246 | Sewer    | Learned a level 4 spell: Iskenderun's Mystic Blast
  3385 | Sewer    | Found a white marble altar of Elyvilon.
  3674 | D:3      | Noticed Jessica
  3680 | D:3      | Killed Jessica
  3830 | D:3      | Gained mutation: You have sharp fingernails. [demonic ancestry]
  3830 | D:3      | Reached XP level 6. HP: 41/41 MP: 8/12
  3887 | D:3      | Reached skill level 6 in Conjurations
  4147 | D:4      | Reached skill level 1 in Fighting
  5039 | D:4      | Gained mutation: A demonic guardian rushes to your aid. [demonic ancestry]
  5039 | D:4      | Reached XP level 7. HP: 50/50 MP: 9/14
  5468 | D:4      | Learned a level 2 spell: Passwall
  5482 | D:5      | Entered Level 5 of the Dungeon
  5601 | D:5      | Reached skill level 5 in Spellcasting
  5969 | D:5      | Found a staircase to the Ecumenical Temple.
  5991 | Temple   | Entered the Ecumenical Temple
  6097 | Temple   | Became a worshipper of Ashenzari the Shackled
  6398 | D:5      | Reached skill level 7 in Conjurations
  6888 | D:6      | Gained mutation: You are mostly covered in molten scales. (AC +3) [demonic ancestry]
  6888 | D:6      | Reached XP level 8. HP: 58/60 MP: 4/16
  7528 | D:6      | Noticed Prince Ribbit
  7533 | D:6      | Killed Prince Ribbit
  7647 | D:6      | Noticed Duvessa
  7647 | D:6      | Noticed Dowan
  7651 | D:6      | Killed Dowan
  7658 | D:6      | Killed Duvessa
  7901 | D:6      | Reached skill level 5 in Fighting
  7917 | D:6      | Reached skill level 8 in Conjurations
  8423 | D:6      | Gained mutation: You have very sharp fingernails. [demonic ancestry]
  8423 | D:6      | Reached XP level 9. HP: 68/68 MP: 5/19
  9550 | D:7      | HP: 2/69 [centaur (6)]
 10200 | D:7      | Found Emuvedua's Assorted Antiques.
 10210 | D:7      | Bought a fine scale mail for 198 gold pieces
 10220 | D:7      | Identified the +3 scale mail "Luoluez" {Int+3} (You bought it in a shop on level 7 of the Dungeon)
 10278 | D:7      | Identified the ring "Uschy" {+Inv rElec rF- Str+4 Stlth+}
 10394 | D:7      | Gained mutation: You are agile. (Dex +2) [potion of mutation]
 10394 | D:7      | Gained mutation: Your mind is acute. (Int +2) [potion of mutation]
 10394 | D:7      | Gained mutation: Your muscles are strong. (Str +2) [potion of mutation]
 10435 | D:8      | Found a deep blue altar of Sif Muna.
 10443 | D:7      | Reached skill level 9 in Conjurations
 10499 | D:8      | Reached skill level 1 in Armour
 11217 | D:8      | Reached XP level 10. HP: 54/79 MP: 4/21
 13249 | D:9      | Reached * piety under Ashenzari
 13270 | D:9      | Found a staircase to the Lair.
 13494 | D:9      | Lost mutation: Your mind is acute. (Int +2) [potion of mutation]
 13494 | D:9      | Lost mutation: Your muscles are strong. (Str +2) [potion of mutation]
 13494 | D:9      | Gained mutation: You can translocate small distances at will. [potion of mutation]
 13494 | D:9      | Gained mutation: You are completely covered in molten scales. (AC +4, rF+) [potion of mutation]
 13932 | D:9      | Noticed a two-headed ogre
 13935 | D:9      | Killed a two-headed ogre
 13935 | D:9      | Reached skill level 10 in Conjurations
 13935 | D:9      | Reached skill level 1 in Earth Magic
 14145 | Lair:1   | Entered Level 1 of the Lair of Beasts
 14181 | Lair:1   | Noticed a six-headed hydra
 14187 | Lair:1   | Noticed a spiny frog
 14190 | Lair:1   | Killed a six-headed hydra
 14190 | Lair:1   | Gained mutation: You are slightly more attuned to the shadows. [demonic ancestry]
 14190 | Lair:1   | Reached XP level 11. HP: 81/86 MP: 1/23
 14405 | Lair:1   | Found a dark tunnel.
 14410 | Volcano  | Entered a volcano
 14617 | Volcano  | Noticed a fire crab
 14686 | Volcano  | Killed a fire crab
 14735 | Volcano  | Noticed a lindwurm
 14745 | Volcano  | Killed a lindwurm
 14817 | Volcano  | Found a bloodstained altar of Trog.
 15534 | Lair:1   | Identified the +2 ring mail "Ohedit" {rPois}
 15673 | Lair:1   | Noticed an oklob plant
 15698 | Lair:1   | Killed an oklob plant
 15698 | Lair:1   | Reached skill level 11 in Conjurations
 15977 | Lair:2   | Found a hole to the Spider Nest.
 16026 | Lair:2   | Identified the +1 robe of Irphet {Str+10 Int-2 Slay-5 SInv}
 16908 | Lair:2   | Reached skill level 10 in Spellcasting
 16908 | Lair:2   | Reached skill level 5 in Earth Magic
 17150 | Lair:2   | Lost mutation: You are agile. (Dex +2) [potion of mutation]
 17150 | Lair:2   | Lost mutation: You are completely covered in molten scales. (AC +4, rF+) [potion of mutation]
 17150 | Lair:2   | Gained mutation: You have a pair of small horns on your head. [potion of mutation]
 17150 | Lair:2   | Gained mutation: You are agile. (Dex +2) [potion of mutation]
 17660 | Lair:2   | Reached ** piety under Ashenzari
 18019 | Lair:3   | Found a transporter.
 18354 | Lair:3   | Found a transporter.
 18642 | Lair:3   | Reached XP level 12. HP: 86/92 MP: 15/26
 19260 | Lair:3   | Found a staircase to the Swamp.
 19878 | Lair:3   | Reached skill level 5 in Dodging
 20268 | Lair:4   | Learned a level 5 spell: Irradiate
 20452 | Lair:4   | Noticed a seven-headed hydra
 20459 | Lair:4   | Killed a seven-headed hydra
 20459 | Lair:4   | Reached skill level 5 in Armour
 20680 | Lair:4   | Noticed Nergalle
 20697 | Lair:4   | Killed Nergalle
 20906 | Lair:4   | Learned a level 5 spell: Lee's Rapid Deconstruction
 21761 | Lair:5   | Identified the ring "Plog" {Str+4 Int+5}
 22043 | Lair:5   | Reached skill level 12 in Conjurations
 22717 | Lair:5   | Noticed a death yak
 22717 | Lair:5   | Noticed a death yak
 22741 | Lair:4   | Killed a death yak
 23068 | Lair:5   | Found a viscous altar of Jiyva.
 23068 | Lair:5   | Found a staircase to the Slime Pits.
 23150 | Lair:5   | Reached *** piety under Ashenzari
 23613 | Lair:5   | Noticed a death yak
 23615 | Lair:5   | Noticed a death yak
 23621 | Lair:5   | Killed a death yak
 23625 | Lair:5   | Killed a death yak
 23625 | Lair:5   | Gained mutation: You have claws for hands. [demonic ancestry]
 23625 | Lair:5   | Reached XP level 13. HP: 78/99 MP: 1/28
 24226 | Lair:6   | Entered Level 6 of the Lair of Beasts
 26753 | Lair:6   | Reached skill level 13 in Conjurations
 27113 | Lair:4   | HP: 5/103 [poisoned by a black mamba]
 27115 | Lair:4   | HP: 1/103 [poisoned by a black mamba]
 27117 | Lair:4   | Succumbed to a black mamba's poison

Vault maps used:
D:1:      saegor_arrival_simple_f
D:3:      gup_sewer_entry_pipe, uniq_jessica
D:5:      minmay_temple_entry_crystal_x, first_bread
D:6:      uniq_duvessa, uniq_prince_ribbit1
D:7:      serial_shops, nicolae_shop_stone, grunt_ogre_cave, serial_park_tiny_1,
          minmay_door_square
D:8:      wad_woods_minihive, overflow_temple_1_default, bh_walls_and_bars
D:9:      david_lair_generic
Temple:   regret_index_temple_sigil_plot
Lair:1:   lemuel_slime, enter_volcano_4
Lair:2:   spider_nest_entry_web_field
Lair:3:   gammafunk_cloud_chamber, nicolae_swamp_entry_splash_gauntlet
Lair:4:   serial_bayou_ford_a, uniq_nergalle
Lair:5:   slime_altar_1, st_stairs_13, beast_lair_carwin_1
Lair:6:   minmay_lair_end_frog_pond, lab_entry_generic, minivault_11
Sewer:    sewer_kobolds
Volcano:  volcano_grotto

Skill      XL: |  1  2  3  4  5  6  7  8  9 10 11 12 13 |
---------------+----------------------------------------+-----
Spellcasting   | 3 4 5 6 7 8 10 11 | 11.8
Conjurations   | 5 6 7 8 9 10 11 12 13 | 13.0
Fighting       | 2 3 5 7 8 9 |  9.9
Dodging        | 3 4 6 |  6.0
Armour         | 2 4 6 |  6.0
Earth Magic    | 2 5 7 8 |  8.4
Stealth        | |  1.7

Action                   |  1- 3 |  4- 6 |  7- 9 | 10-12 | 13-15 || total
-------------------------+-------+-------+-------+-------+-------++-------
Melee: Unarmed           |    12 |    64 |    39 |    19 |       ||   134
       Staff             |       |       |       |    16 |    56 ||    72
       Headbutt          |       |       |       |     1 |     6 ||     7
 Cast: Magic Dart        |    87 |   186 |   258 |   296 |    89 ||   916
       Searing Ray       |     1 |       |    15 |   107 |    23 ||   146
       Iskenderun's Myst |       |     6 |    31 |    91 |    78 ||   206
Invok: Curse Item        |       |       |     3 |     3 |       ||     6
Evoke: Wand              |       |       |       |     6 |     3 ||     9
  Use: Potion            |       |     4 |     6 |    10 |     4 ||    24
       Scroll            |       |     3 |    12 |     5 |     1 ||    21
 Stab: Distracted        |       |       |       |     1 |     1 ||     2
  Eat: Chunk             |     2 |    12 |    14 |    25 |    11 ||    64
       Fruit             |       |       |     2 |     6 |       ||     8
       Meat ration       |       |       |     2 |     1 |       ||     3
       Royal jelly       |       |       |       |     3 |       ||     3
Armor: Robe              |     5 |    32 |    39 |       |       ||    76
       Ring mail         |       |    52 |       |       |       ||    52
       Scale mail        |       |       |    60 |   314 |   194 ||   568
Dodge: Dodged            |    18 |   114 |   144 |   259 |   166 ||   701
Block: Other             |       |       |       |    23 |    19 ||    42

Table legend:
 A = Spawn XP
 B = Non-spawn XP
 C = Spawn XP percentage of total XP
 D = Spawn monster count
 E = Non-spawn monster count
 F = Spawn count percentage of total count
 G = Total turns spent on level
                    A         B        C        D         E        F      G
               +---------+---------+-------+---------+---------+-------+---------
         Total |       0 |   58040 |   0.0 |       0 |     509 |   0.0 | 27117
               +---------+---------+-------+---------+---------+-------+---------
           D:1 |       0 |      42 |   0.0 |       0 |      23 |   0.0 |  1371
           D:2 |       0 |      86 |   0.0 |       0 |      26 |   0.0 |  1046
           D:3 |       0 |     225 |   0.0 |       0 |      38 |   0.0 |  1321
           D:4 |       0 |     297 |   0.0 |       0 |      30 |   0.0 |  1439
           D:5 |       0 |     508 |   0.0 |       0 |      25 |   0.0 |  1085
           D:6 |       0 |    1711 |   0.0 |       0 |      26 |   0.0 |  2039
           D:7 |       0 |    1504 |   0.0 |       0 |      29 |   0.0 |  2372
           D:8 |       0 |    3422 |   0.0 |       0 |      70 |   0.0 |  2051
           D:9 |       0 |    1871 |   0.0 |       0 |      10 |   0.0 |   896
        Lair:1 |       0 |    2999 |   0.0 |       0 |      35 |   0.0 |  1134
        Lair:2 |       0 |    3699 |   0.0 |       0 |      22 |   0.0 |  2020
        Lair:3 |       0 |    5345 |   0.0 |       0 |      26 |   0.0 |  2191
        Lair:4 |       0 |    4334 |   0.0 |       0 |      14 |   0.0 |  1860
        Lair:5 |       0 |   10470 |   0.0 |       0 |      33 |   0.0 |  3443
        Lair:6 |       0 |   17732 |   0.0 |       0 |      71 |   0.0 |  1442
         Sewer |       0 |     109 |   0.0 |       0 |      10 |   0.0 |   393
       Volcano |       0 |    3686 |   0.0 |       0 |      21 |   0.0 |   882
               +---------+---------+-------+---------+---------+-------+---------
